 Dungeon Crawl Stone Soup version 0.30.1 (webtiles) character file.

Game seed: 9932636534505820676

342 Arctor the Insei (level 6, -9/41 HPs)
             Began as an Octopode Transmuter on July 11, 2023.
             Killed by divine providence
             ... invoked by an orc priest
              (11 damage)
             ... on level 4 of the Dungeon.
             The game lasted 00:03:06 (3093 turns).

Arctor the Insei (Octopode Transmuter)              Turns: 3093, Time: 00:03:07

Health: -9/41      AC:  1    Str: 10    XL:     6   Next: 57%
Magic:  9/10       EV: 14    Int: 17    God:
Gold:   172        SH:  0    Dex: 12    Spells: 6/11 levels left

rFire   . .          .
                       - Unarmed
rCold   . . .        (no shield)
rNeg    . . .        (helmet currently unavailable)
rPois   .            (no amulet)
rElec   .            n - ring of resist corrosion
rCorr   +            (no ring)
SInv    .            (no ring)
Will    .....        (no ring)
Stlth   ++           (no ring)
HPRegen 0.26/turn    (no ring)
MPRegen 0.12/turn    (no ring)
                     (no ring)

%: no passive effects
@: appendages
A: tentacle spike 3, almost no armour, amphibious, 8 rings, camouflage 1,
gelatinous body 1, (nimble swimmer 1), tentacles
a: End Transformation


You were on level 4 of the Dungeon.
One of your tentacles had grown a beastly spike.
You visited 1 branch of the dungeon, and saw 4 of its levels.

You collected 172 gold pieces.

Inventory:

Jewellery
 n - a ring of resist corrosion (left tentacle)
Wands
 k - a wand of mindburst (22)
 l - a wand of flame (12)
Scrolls
 c - a scroll of silence
 d - 2 scrolls of vulnerability
 e - a scroll of identify
 h - 2 scrolls of noise
 i - a scroll of enchant armour {unknown}
 j - a scroll of torment {unknown}
 o - 2 scrolls of amnesia {unknown}
Potions
 a - 3 potions of lignification
 g - a potion of flight {unknown}
 m - a potion of might {unknown}


   Skills:
 + Level 2.9 Fighting
 + Level 3.4 Dodging
 + Level 4.1 Unarmed Combat
 + Level 3.2 Spellcasting
 + Level 3.4 Transmutations


You had 6 spell levels left.
You knew the following spells:

 Your Spells              Type           Power      Damage    Failure   Level
a - Beastly Appendage     Tmut           28%        N/A       4%          1
b - Ice Form              Ice/Tmut       8%         N/A       63%         4

Your spell library contained the following spells:

 Spells                   Type           Power      Damage    Failure   Level
 Wereblood                Tmut           14%        N/A       6%          2
 Spider Form              Tmut/Pois      8%         N/A       26%         3
 Ozocubu's Armour         Ice            2%         N/A       45%         3
 Metabolic Englaciation   Hex/Ice        1%         N/A       99%         5
 Simulacrum               Ice/Necr       1%         N/A       100%        6


Dungeon Overview and Level Annotations

Branches:
Dungeon (4/15)             Temple (0/1) D:4

Altars:
Xom

Annotations:
D:3 3 runed translucent doors, salammoniac's ghost, weakling KoDe


Innate Abilities, Weirdness & Mutations

One of your tentacles has grown a beastly spike.
You cannot wear most types of armour.
You are amphibious.
You can wear up to eight rings at the same time.
Your skin changes colour to match your surroundings (Stealth+).
Your rubbery body absorbs attacks. (AC +1, EV +1)
((You are camouflaged when in or above water. (Stealth+)))
You have tentacles for arms and can constrict up to eight enemies at once.


Message History

Your tentacle spike misses the orc.
You squeeze the orc, but do no damage.
The orc is lightly wounded.
The orc completely misses you.
You tentacle-slap the orc. Your grab misses the orc.
You squeeze the orc, but do no damage.
The orc is heavily wounded.
The orc hits you with a +0 whip.
You tentacle-slap the orc. You grab the orc. You squeeze the orc.
You kill the orc!
You barely miss the orc. You grab the orc. You constrict the orc.
The orc hits you with a +0 falchion.
You tentacle-slap the orc.
You pierce the orc.
You kill the orc!
You tentacle-slap the orc priest but do no damage.
You grab the orc priest.
You pierce the orc priest, but do no damage.
You constrict the orc priest, but do no damage.
The orc priest hits you with a +1 hand axe of venom.
You are poisoned.
You tentacle-slap the orc priest. Your squeeze misses the orc priest.
The orc priest is moderately wounded.
You constrict the orc priest.
You feel sick.
The orc priest hits you with a +1 hand axe of venom!
* * * LOW HITPOINT WARNING * * *
Casting: Beastly Appendage (safe; 4% risk of failure)
Confirm with . or Enter, or press ? or * to list all spells.
You extend your transformation's duration.
You constrict the orc priest.
* * * LOW HITPOINT WARNING * * *
You feel sick.
The orc priest casts a cantrip, but nothing happens.
Casting: Beastly Appendage (safe; 4% risk of failure)
Confirm with . or Enter, or press ? or * to list all spells.
Okay, then.
You feel better.
You constrict the orc priest.
The orc priest hits you with a +1 hand axe of venom!
* * * LOW HITPOINT WARNING * * *
The orc priest invokes the aid of Beogh against you.
Beogh smites you!
You die...

#.########.###### ##
#........#......# ### .#
######......###.# ..# # ..
#.#.##.##... #.# #.#.#.#
#.#....##..# ..###....# ...#
#.#........# #.....# ####..
#.##...#####
#.###....#....o#### #.###..#
.<# #.# #oo@.# #......# ###
####.# #####.## #.# #...#
######### ####.#### #...# ### #
#.......# #.......# #..<# #.. #
#.......# #.##.##.####...###.#
# #.......#
#.#..##............# #
#...#...# #.#.................
#.......####.#..##............#


You could see 2 orc priests and an orc.

Vanquished Creatures
  Blork the orc (D:4)
  A hound (D:4)
  2 orc priests (D:4)
  An iguana (D:4)
  2 orc wizards (D:4)
  6 adders
  2 worms
  5 orcs (D:4)
  6 ball pythons
  4 endoplasms
  2 giant cockroaches (D:1)
  5 goblins
  4 hobgoblins
  3 quokkas
  5 kobolds
  3 rats
52 creatures vanquished.

Notes
Turn   | Place    | Note
-------+----------+-------------------------------------------
     0 | D:1      | Arctor the Octopode Transmuter began the quest for the Orb.
     0 | D:1      | Reached XP level 1. HP: 13/13 MP: 3/3
   256 | D:1      | Reached XP level 2. HP: 12/18 MP: 3/5
   676 | D:1      | Found a faded altar of an unknown god.
   942 | D:2      | Reached XP level 3. HP: 15/23 MP: 4/6
  1292 | D:2      | Reached XP level 4. HP: 24/29 MP: 5/7
  1837 | D:3      | Found a runed translucent gate.
  1838 | D:3      | Found a runed translucent gate.
  1838 | D:3      | Noticed salammoniac's ghost (weakling KoDe)
  1839 | D:3      | Found a runed translucent gate.
  1845 | D:3      | Identified the +0 ring mail "Wolaon" {Int+4 Slay+2}
  1848 | D:3      | Identified the +0 dagger of the Six Beasts {venom, *Corrode
                  | rF++}
  1869 | D:3      | Learned a level 4 spell: Ice Form
  1957 | D:4      | Found a staircase to the Ecumenical Temple.
  2069 | D:4      | Reached XP level 5. HP: 5/34 MP: 7/9
  2073 | D:4      | HP: 1/51 [orc priest/+0 mace (5)]
  2218 | D:4      | Found a shimmering altar of Xom.
  2257 | D:4      | Noticed Blork the orc
  2263 | D:4      | Killed Blork the orc
  2264 | D:4      | Reached XP level 6. HP: 27/41 MP: 8/10
  2401 | D:4      | Reached skill level 4 in Unarmed Combat
  3082 | D:4      | HP: 2/41 [orc priest/divine providence (12)]
  3092 | D:4      | HP: 2/41 [poisoned by an orc priest]
  3093 | D:4      | Killed from afar by an orc priest

Illustrated notes

Levels and vault maps discovered:
D:1:      kennysheep_arrival_seaside, layout_loops_ring,
          hellmonk_ecumenical_altar_heavens_door, minmay_tetromino_l2
D:2:      layout_basic
D:3:      layout_basic, serial_shops, shop, biasface_ghost_orc_armoury,
          roderic_three_in_a_row, minmay_misc_feat_chi,
          hangedman_decor_diamond_cutter
D:4:      layout_loops_cross, mainiacjoe_overflow_surrounded_room,
          temple_statues, uniq_blork_the_orc

Skill      XL: |  1  2  3  4  5  6 |
---------------+-------------------+-----
Fighting       | 2 |  2.9
Dodging        | 3 |  3.4
Transmutations | 3 |  3.4
Spellcasting   | 3 |  3.2
Unarmed Combat | 4 |  4.1

Action                     |  1- 3 |  4- 6 || total
---------------------------+-------+-------++-------
  Melee: Unarmed           |    47 |    75 ||   122
         Kick              |    16 |    26 ||    42
         Constrict         |    16 |    19 ||    35
         Tentacles         |     8 |    22 ||    30
         Punch             |       |     1 ||     1
   Cast: Beastly Appendage |    26 |    26 ||    52
    Use: Scroll            |       |     3 ||     3
         Potion            |       |     4 ||     4
   Stab: Sleeping          |     2 |     1 ||     3
 Armour: Skin              |     4 |    10 ||    14
  Dodge: Dodged            |    25 |    41 ||    66
